| TOP OF THE 1ST |
|
Trois-Riveres Aigles batting - Pitching for Chester Pirates : RHP Pablo Ramirez
|
|
Pitching: RHP Pablo Ramirez
|
|
|
Batting: RHB Luis Jara
|
0-0: Ball 1-0: Ball 2-0: Ball 3-0: Called Strike 3-1: Base on Balls
|
|
Batting: RHB Sandoval Serzedelo
|
0-0: Called Strike 0-1: Swinging Strike 0-2: Ball 1-2: Ball 2-2: Foul Ball, location: 2F 2-2: Ball 3-2: Fly out, F7 (Flyball, 7D, EV 92.5 MPH)
|
|
Batting: RHB Toshikatsu Omori
|
0-0: Foul Ball, location: 2F 0-1: Ball 1-1: Foul Ball, location: 2F 1-2: Ball 2-2: Ball 3-2: Foul Ball, location: 2F 3-2: Fly out, F4 (Line Drive, 4D, EV 73.1 MPH)
|
|
Batting: SHB Derek Weaver
|
0-0: Swinging Strike 0-1: Ball 1-1: Ball 2-1: DOUBLE (Line Drive, 78D, EV 106.9 MPH) Luis Jara to third Runner from 3rd tries for Home, SAFE, throw by CF to home
|
|
Batting: RHB Alistair Holmes
|
0-0: Ball 1-0: Swinging Strike 1-1: SINGLE (Flyball, 8RS, EV 96.2 MPH) Derek Weaver to third Runner from 3rd tries for Home, SAFE, throw by CF to home
|
|
Batting: RHB Micah Logan
|
0-0: Ground out 4-3 (Groundball, 13, EV 84.4 MPH)
|
| Top of the 1st over - 2 runs, 2 hits, 0 errors, 1 left on base; Trois-Riveres 2 - Chester 0 |
| BOTTOM OF THE 1ST |
|
Chester Pirates batting - Pitching for Trois-Riveres Aigles : RHP Nae-wi Choe
|
|
Pitching: RHP Nae-wi Choe
|
|
|
Batting: RHB Mike Weeks
|
0-0: Ball 1-0: Foul Ball, location: 2F 1-1: Foul Ball, location: 2F 1-2: Ball 2-2: Ball 3-2: SINGLE (Line Drive, 4M, EV 95.6 MPH)
|
|
Batting: RHB Edwardo Tanchez
|
0-0: SINGLE (Groundball, 6S, EV 66.2 MPH) (infield hit) Mike Weeks to second
|
|
Batting: RHB Zach Chmieleski
|
0-0: Ball Wild Pitch! Mike Weeks to third Edwardo Tanchez to second 1-0: Ball 2-0: Ball 3-0: Called Strike 3-1: Swinging Strike 3-2: Foul Ball, location: 2F 3-2: Base on Balls
|
|
Batting: SHB Mike Corley
|
0-0: Called Strike 0-1: Ball 1-1: Called Strike 1-2: Strikes out swinging
|
|
Batting: RHB Jason Rhodes
|
0-0: Fielders Choice at 2nd, 6-4 (Groundball, 6, EV 87.5 MPH) Mike Weeks scores Edwardo Tanchez to third
|
|
Batting: SHB Nathan Clement
|
0-0: Ball 1-0: Called Strike 1-1: Ball 2-1: Fly out, F5 (Popup, 6S, EV 79.4 MPH)
|
| Bottom of the 1st over - 1 run, 2 hits, 0 errors, 2 left on base; Trois-Riveres 2 - Chester 1 |
| TOP OF THE 2ND |
|
Trois-Riveres Aigles batting - Pitching for Chester Pirates : RHP Pablo Ramirez
|
|
Batting: RHB Willie Acevedo
|
0-0: Foul Ball, location: 2F 0-1: Ball 1-1: Ball 2-1: Ball 3-1: Called Strike 3-2: Foul Ball, location: 2F 3-2: Base on Balls
|
|
Batting: RHB Danny Mota
|
0-0: Called Strike 0-1: Fly out, F7 (Flyball, 7LM, EV 93.8 MPH)
|
|
Batting: RHB Ben Saxton
|
0-0: Ball 1-0: Foul Ball, location: 2F 1-1: Called Strike 1-2: Ball 2-2: Strikes out swinging
|
|
Batting: RHB Luis Jara
|
0-0: Ball 1-0: Swinging Strike 1-1: Called Strike 1-2: Fly out, F9 (Flyball, 9LM, EV 89.4 MPH)
|
| Top of the 2nd over - 0 runs, 0 hits, 0 errors, 1 left on base; Trois-Riveres 2 - Chester 1 |
| BOTTOM OF THE 2ND |
|
Chester Pirates batting - Pitching for Trois-Riveres Aigles : RHP Nae-wi Choe
|
|
Batting: RHB Hugo Montemayor
|
0-0: Foul Ball, location: 2F 0-1: Swinging Strike 0-2: Ball 1-2: Foul Ball, location: 2F 1-2: Foul Ball, location: 2F 1-2: SINGLE (Line Drive, 4MD, EV 103.8 MPH)
|
|
Batting: LHB Tommie Benefield
|
0-0: Ball 1-0: Called Strike 1-1: Grounds into double play, 4-6-3 (Groundball, 34S, EV 83.8 MPH)
|
|
Batting: RHB Zachery Loomis
|
0-0: Ball 1-0: Called Strike 1-1: TRIPLE (Flyball, 89XD, EV 107.5 MPH)
|
|
Batting: RHB Mike Weeks
|
0-0: Foul Ball, location: 2F 0-1: Swinging Strike 0-2: Foul Ball, location: 2F 0-2: Strikes out swinging
|
| Bottom of the 2nd over - 0 runs, 2 hits, 0 errors, 1 left on base; Trois-Riveres 2 - Chester 1 |
| TOP OF THE 3RD |
|
Trois-Riveres Aigles batting - Pitching for Chester Pirates : RHP Pablo Ramirez
|
|
Batting: RHB Sandoval Serzedelo
|
0-0: Ball 1-0: Ball 2-0: Swinging Strike 2-1: Ball 3-1: Base on Balls
|
|
Batting: RHB Toshikatsu Omori
|
0-0: Ball Wild Pitch! Sandoval Serzedelo to second 1-0: Swinging Strike 1-1: Swinging Strike 1-2: Ground out 5-3 (Groundball, 5, EV 85.0 MPH)
|
|
Batting: SHB Derek Weaver
|
0-0: Ball 1-0: Called Strike 1-1: Called Strike 1-2: Ball 2-2: Ball 3-2: Strikes out looking
|
|
Batting: RHB Alistair Holmes
|
0-0: Ball 1-0: Ball 2-0: Called Strike 2-1: Fly out, F8 (Flyball, 8LM, EV 88.8 MPH)
|
| Top of the 3rd over - 0 runs, 0 hits, 0 errors, 1 left on base; Trois-Riveres 2 - Chester 1 |
| BOTTOM OF THE 3RD |
|
Chester Pirates batting - Pitching for Trois-Riveres Aigles : RHP Nae-wi Choe
|
|
Batting: RHB Edwardo Tanchez
|
0-0: Called Strike 0-1: Ball 1-1: Foul Ball, location: 2F 1-2: Ground out 4-3 (Groundball, 4, EV 101.2 MPH)
|
|
Batting: RHB Zach Chmieleski
|
0-0: Foul Ball, location: 2F 0-1: Foul Ball, location: 2F 0-2: Ball 1-2: Foul Ball, location: 2F 1-2: Ball 2-2: Ball 3-2: Ground out 6-3 (Groundball, 6S, EV 70.0 MPH)
|
|
Batting: SHB Mike Corley
|
0-0: Called Strike 0-1: Ball 1-1: SINGLE (Line Drive, 5D, EV 100.0 MPH)
|
|
Batting: RHB Jason Rhodes
|
0-0: Fly out, F9 (Line Drive, 9D, EV 88.8 MPH)
|
| Bottom of the 3rd over - 0 runs, 1 hit, 0 errors, 1 left on base; Trois-Riveres 2 - Chester 1 |
| TOP OF THE 4TH |
|
Trois-Riveres Aigles batting - Pitching for Chester Pirates : RHP Pablo Ramirez
|
|
Batting: RHB Micah Logan
|
0-0: Swinging Strike 0-1: Foul Ball, location: 2F 0-2: Fly out, F7 (Flyball, 78S, EV 78.8 MPH)
|
|
Batting: RHB Willie Acevedo
|
0-0: Ball 1-0: Called Strike 1-1: Ball 2-1: Foul Ball, location: 2F 2-2: Ball 3-2: Foul Ball, location: 2F 3-2: Ground out 3-1 (Groundball, 34, EV 99.4 MPH)
|
|
Batting: RHB Danny Mota
|
0-0: Ground out 4-3 (Groundball, 34, EV 80.6 MPH)
|
| Top of the 4th over - 0 runs, 0 hits, 0 errors, 0 left on base; Trois-Riveres 2 - Chester 1 |
| BOTTOM OF THE 4TH |
|
Chester Pirates batting - Pitching for Trois-Riveres Aigles : RHP Nae-wi Choe
|
|
Batting: SHB Nathan Clement
|
0-0: Foul Ball, location: 2F 0-1: Ball 1-1: Fly out, F8 (Flyball, 8LXD, EV 97.5 MPH)
|
|
Batting: RHB Hugo Montemayor
|
0-0: Called Strike 0-1: Swinging Strike 0-2: Strikes out looking
|
|
Batting: LHB Tommie Benefield
|
0-0: Ball 1-0: Called Strike 1-1: Ball 2-1: Swinging Strike 2-2: Ball 3-2: SINGLE (Groundball, 6MD, EV 96.2 MPH)
|
|
Batting: RHB Zachery Loomis
|
Pickoff Throw to First - Out! 1-3
|
| Bottom of the 4th over - 0 runs, 1 hit, 0 errors, 0 left on base; Trois-Riveres 2 - Chester 1 |
| TOP OF THE 5TH |
|
Trois-Riveres Aigles batting - Pitching for Chester Pirates : RHP Pablo Ramirez
|
|
Pitching: RHP Colin Walker
|
|
|
Batting: RHB Ben Saxton
|
0-0: Called Strike 0-1: Swinging Strike 0-2: Ball 1-2: Fly out, F7 (Flyball, 78S, EV 91.9 MPH)
|
|
Batting: RHB Luis Jara
|
0-0: Called Strike 0-1: Foul Ball, location: 2F 0-2: Ball 1-2: Foul Ball, location: 2F 1-2: Ball 2-2: Strikes out looking
|
|
Batting: RHB Sandoval Serzedelo
|
0-0: Called Strike 0-1: Ball 1-1: Swinging Strike 1-2: Ball 2-2: Strikes out looking
|
| Top of the 5th over - 0 runs, 0 hits, 0 errors, 0 left on base; Trois-Riveres 2 - Chester 1 |
| BOTTOM OF THE 5TH |
|
Chester Pirates batting - Pitching for Trois-Riveres Aigles : RHP Nae-wi Choe
|
|
Batting: RHB Zachery Loomis
|
0-0: Ball 1-0: Ball 2-0: Called Strike 2-1: Ground out 4-3 (Groundball, 34, EV 79.4 MPH)
|
|
Batting: RHB Mike Weeks
|
0-0: Ball 1-0: Ball 2-0: Ball 3-0: Called Strike 3-1: Foul Ball, location: 2F 3-2: Ground out 4-3 (Groundball, 34D, EV 87.5 MPH)
|
|
Batting: RHB Edwardo Tanchez
|
0-0: Called Strike 0-1: Ball 1-1: Foul Ball, location: 2F 1-2: Foul Ball, location: 2F 1-2: Foul Ball, location: 2F 1-2: Ball 2-2: Ball 3-2: SOLO HOME RUN (Line Drive, 9LD, EV 95.6 MPH), Distance : 351 ft
|
|
Batting: RHB Zach Chmieleski
|
0-0: DOUBLE (Line Drive, 8LXD, EV 101.9 MPH)
|
|
Batting: SHB Mike Corley
|
0-0: Ball 1-0: Ball 2-0: Foul Ball, location: 2F 2-1: Swinging Strike 2-2: Strikes out looking
|
| Bottom of the 5th over - 1 run, 2 hits, 0 errors, 1 left on base; Trois-Riveres 2 - Chester 2 |
| TOP OF THE 6TH |
|
Trois-Riveres Aigles batting - Pitching for Chester Pirates : RHP Colin Walker
|
|
Batting: RHB Toshikatsu Omori
|
0-0: Ball 1-0: Ball 2-0: Ball 3-0: Base on Balls
|
|
Batting: SHB Derek Weaver
|
|
|
Pinch Hitting: RHB Gabe Wilcoxon
|
0-0: Foul Ball, location: 2F 0-1: Foul Ball, location: 2F 0-2: Ball 1-2: Foul Ball, location: 2F 1-2: Ball 2-2: Strikes out swinging
|
|
Pinch Hitting: LHB Jonathan Watt
|
0-0: Ball 1-0: Ball 2-0: Ball 3-0: Foul Ball, location: 2F 3-1: Base on Balls Toshikatsu Omori to second
|
|
Batting: RHB Micah Logan
|
0-0: Ball 1-0: Ball 2-0: Foul Ball, location: 2F 2-1: Foul Ball, location: 2F 2-2: Grounds into double play, 6-4-3 (Groundball, 6, EV 106.2 MPH)
|
| Top of the 6th over - 0 runs, 0 hits, 0 errors, 1 left on base; Trois-Riveres 2 - Chester 2 |
| BOTTOM OF THE 6TH |
|
Chester Pirates batting - Pitching for Trois-Riveres Aigles : RHP Nae-wi Choe
|
|
Now in LF: Gabe Wilcoxon
|
|
|
Now in RF: Gilbert Hoareau
|
|
|
Batting: RHB Jason Rhodes
|
0-0: Swinging Strike 0-1: Foul Ball, location: 2F 0-2: Ball 1-2: Ball 2-2: Foul Ball, location: 2F 2-2: Strikes out swinging
|
|
Batting: SHB Nathan Clement
|
0-0: Ball 1-0: Called Strike 1-1: Ball 2-1: Ball 3-1: Base on Balls
|
|
Batting: RHB Hugo Montemayor
|
0-0: Fielders Choice at 2nd, 6-4 (Groundball, 6, EV 87.5 MPH)
|
|
Batting: LHB Tommie Benefield
|
0-0: Ball 1-0: Ball Hugo Montemayor is caught stealing 2nd base 2-6
|
| Bottom of the 6th over - 0 runs, 0 hits, 0 errors, 0 left on base; Trois-Riveres 2 - Chester 2 |
| TOP OF THE 7TH |
|
Trois-Riveres Aigles batting - Pitching for Chester Pirates : RHP Colin Walker
|
|
Now at C: Bob Buckler
|
|
|
Batting: RHB Willie Acevedo
|
0-0: Called Strike 0-1: Foul Ball, location: 2F 0-2: Ball 1-2: Foul Ball, location: 2F 1-2: Ball 2-2: DOUBLE (Line Drive, 89D, EV 111.9 MPH)
|
|
Batting: RHB Danny Mota
|
0-0: Intentional Walk
|
|
Batting: RHB Ben Saxton
|
0-0: Fly out, F8 (Flyball, 8LD, EV 102.5 MPH) Runner from 2nd tags up, SAFE at 3rd with throw by CF
|
|
Pinch Hitting: LHB Ian Cranton
|
0-0: Fly out, F6 (Popup, 56, EV 75.6 MPH)
|
|
Batting: RHB Joel Wittmier
|
0-0: Called Strike 0-1: Ball 1-1: Ball 2-1: Foul Ball, location: 2F 2-2: Foul Ball, location: 2F 2-2: 3-RUN HOME RUN (Flyball, 78XD, EV 111.9 MPH), Distance : 441 ft
|
|
Pitching: RHP Matt D'Alessandro
|
|
|
Batting: RHB Toshikatsu Omori
|
0-0: Ball 1-0: Called Strike 1-1: Foul Ball, location: 2F 1-2: Strikes out swinging
|
| Top of the 7th over - 3 runs, 2 hits, 0 errors, 0 left on base; Trois-Riveres 5 - Chester 2 |
| BOTTOM OF THE 7TH |
|
Chester Pirates batting - Pitching for Trois-Riveres Aigles : RHP Nae-wi Choe
|
|
Now at 2B: George Connell
|
|
|
Now at SS: Ben Saxton
|
|
|
Batting: LHB Tommie Benefield
|
0-0: Foul Ball, location: 2F 0-1: Swinging Strike 0-2: Strikes out looking
|
|
Pinch Hitting: RHB Rafael Galicia
|
0-0: Ball 1-0: Ball 2-0: Ball 3-0: Called Strike 3-1: Swinging Strike 3-2: SINGLE (Flyball, 8RS, EV 95.6 MPH)
|
|
Pitching: LHP Joel Brown
|
|
|
Batting: RHB Mike Weeks
|
0-0: Foul Ball, location: 2F 0-1: Ball 1-1: Foul Ball, location: 2F 1-2: Ball 2-2: Ball 3-2: Foul Ball, location: 2F 3-2: Foul Ball, location: 2F 3-2: SINGLE (Line Drive, 78S, EV 102.5 MPH) Rafael Galicia to second
|
|
Batting: RHB Edwardo Tanchez
|
0-0: Foul Ball, location: 2F 0-1: Ball 1-1: Ball 2-1: Foul Ball, location: 2F 2-2: Strikes out swinging
|
|
Batting: RHB Zach Chmieleski
|
0-0: 3-RUN HOME RUN (Flyball, 7LD, EV 98.1 MPH), Distance : 367 ft
|
|
Batting: SHB Mike Corley
|
0-0: Foul Ball, location: 2F 0-1: Ball 1-1: Foul Ball, location: 2F 1-2: Ground out 6-3 (Groundball, 56, EV 101.9 MPH)
|
| Bottom of the 7th over - 3 runs, 3 hits, 0 errors, 0 left on base; Trois-Riveres 5 - Chester 5 |
| TOP OF THE 8TH |
|
Trois-Riveres Aigles batting - Pitching for Chester Pirates : RHP Matt D'Alessandro
|
|
Now at 3B: Rafael Galicia
|
|
|
Batting: RHB Gabe Wilcoxon
|
0-0: Ball 1-0: Called Strike 1-1: Swinging Strike 1-2: Strikes out looking
|
|
Pinch Hitting: RHB Roy Johnson
|
0-0: Called Strike 0-1: Ball 1-1: Ball 2-1: SINGLE (Line Drive, 89S, EV 94.4 MPH)
|
|
Batting: RHB Micah Logan
|
0-0: Fielders Choice at 2nd, 4-6 (Groundball, 34, EV 90.0 MPH)
|
|
Batting: RHB Willie Acevedo
|
0-0: Ball Micah Logan steals 2nd base 1-0: Ball 2-0: Ball 3-0: Called Strike 3-1: Called Strike 3-2: Fly out, F9 (Flyball, 9, EV 76.9 MPH)
|
| Top of the 8th over - 0 runs, 1 hit, 0 errors, 1 left on base; Trois-Riveres 5 - Chester 5 |
| BOTTOM OF THE 8TH |
|
Chester Pirates batting - Pitching for Trois-Riveres Aigles : LHP Joel Brown
|
|
Now in RF: Matt Pena
|
|
|
Batting: RHB Jason Rhodes
|
0-0: Foul Ball, location: 2F 0-1: Called Strike 0-2: Strikes out swinging
|
|
Pinch Hitting: RHB Oscar Mora
|
0-0: Fly out, F8 (Flyball, 8LD, EV 93.1 MPH)
|
|
Batting: RHB Hugo Montemayor
|
0-0: Fly out, F9 (Flyball, 89D, EV 73.8 MPH)
|
| Bottom of the 8th over - 0 runs, 0 hits, 0 errors, 0 left on base; Trois-Riveres 5 - Chester 5 |
| TOP OF THE 9TH |
|
Trois-Riveres Aigles batting - Pitching for Chester Pirates : RHP Matt D'Alessandro
|
|
Now at C: Joe Stepnowski
|
|
|
Pinch Hitting: RHB Christopher Arnett
|
0-0: Ball 1-0: Ball 2-0: Ball 3-0: Base on Balls
|
|
Pinch Hitting: RHB Jeff Standridge
|
0-0: Fly out, F7 (Flyball, 7LMF, EV 91.9 MPH)
|
|
Batting: RHB George Connell
|
0-0: Grounds into double play, 5-4-3 (Groundball, 5L, EV 88.1 MPH)
|
| Top of the 9th over - 0 runs, 0 hits, 0 errors, 0 left on base; Trois-Riveres 5 - Chester 5 |
| BOTTOM OF THE 9TH |
|
Chester Pirates batting - Pitching for Trois-Riveres Aigles : LHP Joel Brown
|
|
Pitching: RHP Steve Rennecker
|
|
|
Now at C: Christopher Arnett
|
|
|
Now at 2B: Jeff Standridge
|
|
|
Now at SS: George Connell
|
|
|
Pinch Hitting: RHB Matt Derrien
|
0-0: Called Strike 0-1: Ball 1-1: Ball 2-1: Foul Ball, location: 2F 2-2: Foul Ball, location: 2F 2-2: Foul Ball, location: 2F 2-2: Ball 3-2: Strikes out looking
|
|
Batting: RHB Rafael Galicia
|
0-0: Ball 1-0: Called Strike 1-1: Ball 2-1: Ball 3-1: Foul Ball, location: 2F 3-2: Strikes out swinging
|
|
Batting: RHB Mike Weeks
|
0-0: Ball 1-0: Foul Ball, location: 2F 1-1: Foul Ball, location: 2F 1-2: Strikes out swinging
|
| Bottom of the 9th over - 0 runs, 0 hits, 0 errors, 0 left on base; Trois-Riveres 5 - Chester 5 |
| TOP OF THE 10TH |
|
Trois-Riveres Aigles batting - Pitching for Chester Pirates : RHP Matt D'Alessandro
|
|
Pitching: RHP Steve Kane
|
|
|
Now in LF: Matt Derrien
|
|
|
Batting: RHB Joel Wittmier
|
0-0: Swinging Strike 0-1: Ball 1-1: Foul Ball, location: 2F 1-2: Strikes out swinging
|
|
Batting: RHB Toshikatsu Omori
|
0-0: Called Strike 0-1: Foul Ball, location: 2F 0-2: Fly out, F8 (Flyball, 8RXD, EV 89.4 MPH)
|
|
Batting: RHB Gabe Wilcoxon
|
0-0: Swinging Strike 0-1: Ball 1-1: Ball 2-1: Fly out, F4 (Flyball, 34D, EV 85.6 MPH)
|
| Top of the 10th over - 0 runs, 0 hits, 0 errors, 0 left on base; Trois-Riveres 5 - Chester 5 |
| BOTTOM OF THE 10TH |
|
Chester Pirates batting - Pitching for Trois-Riveres Aigles : RHP Steve Rennecker
|
|
Batting: RHB Edwardo Tanchez
|
0-0: Ball 1-0: Swinging Strike 1-1: Ball 2-1: SINGLE (Groundball, 4, EV 98.1 MPH)
|
|
Batting: RHB Zach Chmieleski
|
0-0: Ball 1-0: Foul Ball, location: 2F 1-1: Called Strike 1-2: Foul Ball, location: 2F 1-2: Ball 2-2: Ball 3-2: Fly out, F7 (Flyball, 7, EV 84.4 MPH)
|
|
Batting: SHB Mike Corley
|
0-0: Ball 1-0: Called Strike Edwardo Tanchez steals 2nd base 1-1: Intentional Walk
|
|
Batting: RHB Jason Rhodes
|
0-0: Ball 1-0: Ball 2-0: Ball 3-0: Called Strike 3-1: Swinging Strike 3-2: Strikes out swinging
|
|
Batting: RHB Joe Stepnowski
|
0-0: Foul Ball, location: 2F 0-1: Foul Ball, location: 2F 0-2: Ball 1-2: Ball 2-2: Ball 3-2: Strikes out swinging
|
| Bottom of the 10th over - 0 runs, 1 hit, 0 errors, 2 left on base; Trois-Riveres 5 - Chester 5 |
| TOP OF THE 11TH |
|
Trois-Riveres Aigles batting - Pitching for Chester Pirates : RHP Steve Kane
|
|
Batting: LHB Matt Pena
|
0-0: Ball 1-0: Foul Ball, location: 2F 1-1: Foul Ball, location: 2F 1-2: Ball 2-2: Strikes out looking
|
|
Batting: RHB Micah Logan
|
0-0: Swinging Strike 0-1: Ball 1-1: Called Strike 1-2: Strikes out swinging
|
|
Batting: RHB Willie Acevedo
|
0-0: Foul Ball, location: 2F 0-1: Foul Ball, location: 2F 0-2: Ball 1-2: Ball 2-2: Fly out, F6 (Line Drive, 6, EV 63.8 MPH)
|
| Top of the 11th over - 0 runs, 0 hits, 0 errors, 0 left on base; Trois-Riveres 5 - Chester 5 |
| BOTTOM OF THE 11TH |
|
Chester Pirates batting - Pitching for Trois-Riveres Aigles : RHP Steve Rennecker
|
|
Pitching: RHP Vince Martinez
|
|
|
Batting: RHB Hugo Montemayor
|
0-0: Foul Ball, location: 2F 0-1: Ground out 5-3 (Groundball, 56, EV 80.0 MPH)
|
|
Batting: RHB Matt Derrien
|
0-0: Called Strike 0-1: Foul Ball, location: 2F 0-2: Foul Ball, location: 2F 0-2: Foul Ball, location: 2F 0-2: Ball 1-2: Strikes out swinging
|
|
Batting: RHB Rafael Galicia
|
0-0: Ball 1-0: Foul Ball, location: 2F 1-1: Ball 2-1: Foul Ball, location: 2F 2-2: Ball 3-2: Strikes out swinging
|
| Bottom of the 11th over - 0 runs, 0 hits, 0 errors, 0 left on base; Trois-Riveres 5 - Chester 5 |
| TOP OF THE 12TH |
|
Trois-Riveres Aigles batting - Pitching for Chester Pirates : RHP Steve Kane
|
|
Batting: RHB Christopher Arnett
|
0-0: Ground out 4-3 (Groundball, 4, EV 82.5 MPH)
|
|
Batting: RHB Jeff Standridge
|
0-0: Ball 1-0: Called Strike 1-1: Foul Ball, location: 2F 1-2: Foul Ball, location: 2F 1-2: Ball 2-2: Strikes out swinging
|
|
Batting: RHB George Connell
|
0-0: Called Strike 0-1: Called Strike 0-2: Fly out, F8 (Flyball, 8RM, EV 87.5 MPH)
|
| Top of the 12th over - 0 runs, 0 hits, 0 errors, 0 left on base; Trois-Riveres 5 - Chester 5 |
| BOTTOM OF THE 12TH |
|
Chester Pirates batting - Pitching for Trois-Riveres Aigles : RHP Vince Martinez
|
|
Batting: RHB Mike Weeks
|
0-0: Ball 1-0: Called Strike 1-1: Called Strike 1-2: Ball 2-2: Ball 3-2: Base on Balls
|
|
Batting: RHB Edwardo Tanchez
|
0-0: Called Strike 0-1: Fly out, F8 (Flyball, 8LM, EV 86.2 MPH)
|
|
Batting: RHB Zach Chmieleski
|
0-0: Ball 1-0: Swinging Strike 1-1: Swinging Strike 1-2: Fielders Choice at 2nd, 5-4 (Groundball, 5L, EV 80.6 MPH)
|
|
Batting: SHB Mike Corley
|
0-0: Called Strike 0-1: Swinging Strike 0-2: Foul Ball, location: 2F 0-2: Ball 1-2: Ball 2-2: Strikes out swinging
|
| Bottom of the 12th over - 0 runs, 0 hits, 0 errors, 1 left on base; Trois-Riveres 5 - Chester 5 |
| TOP OF THE 13TH |
|
Trois-Riveres Aigles batting - Pitching for Chester Pirates : RHP Steve Kane
|
|
Pitching: RHP Tomas Cavazos
|
|
|
Batting: RHB Joel Wittmier
|
0-0: Called Strike 0-1: Ball 1-1: Foul Ball, location: 2F 1-2: Foul Ball, location: 2F 1-2: Ball 2-2: SINGLE (Groundball, 6, EV 93.8 MPH)
|
|
Batting: RHB Toshikatsu Omori
|
0-0: Foul Ball, location: 2F 0-1: Ball 1-1: Swinging Strike 1-2: Ball Wild Pitch! Joel Wittmier to second 2-2: Foul Ball, location: 2F 2-2: Ball 3-2: Fly out, F8 (Flyball, 8RXD, EV 87.5 MPH) Runner from 2nd tags up, SAFE at 3rd, no throw by CF
|
|
Batting: RHB Gabe Wilcoxon
|
0-0: Intentional Walk
|
|
Batting: LHB Matt Pena
|
0-0: Ball 1-0: Ball 2-0: Foul Ball, location: 2F 2-1: Foul Ball, location: 2F 2-2: Fly out, F6 (Popup, 6, EV 61.9 MPH)
|
|
Batting: RHB Micah Logan
|
0-0: Ball 1-0: Foul Ball, location: 2F 1-1: Ball 2-1: Ball 3-1: Called Strike 3-2: Strikes out swinging
|
| Top of the 13th over - 0 runs, 1 hit, 0 errors, 2 left on base; Trois-Riveres 5 - Chester 5 |
| BOTTOM OF THE 13TH |
|
Chester Pirates batting - Pitching for Trois-Riveres Aigles : RHP Vince Martinez
|
|
Batting: RHB Jason Rhodes
|
0-0: Fly out, F8 (Flyball, 8LXD, EV 81.2 MPH)
|
|
Batting: RHB Joe Stepnowski
|
0-0: Ball 1-0: Ball 2-0: Swinging Strike 2-1: Foul Ball, location: 2F 2-2: Foul Ball, location: 2F 2-2: Foul Ball, location: 2F 2-2: Ball 3-2: Strikes out swinging
|
|
Batting: RHB Hugo Montemayor
|
0-0: Ball 1-0: Called Strike 1-1: Ball 2-1: Fly out, F4 (Popup, 34S, EV 85.0 MPH)
|
| Bottom of the 13th over - 0 runs, 0 hits, 0 errors, 0 left on base; Trois-Riveres 5 - Chester 5 |
| TOP OF THE 14TH |
|
Trois-Riveres Aigles batting - Pitching for Chester Pirates : RHP Tomas Cavazos
|
|
Batting: RHB Willie Acevedo
|
0-0: Ball 1-0: Reached on error, E5 (Groundball, 56, EV 77.5 MPH)
|
|
Batting: RHB Christopher Arnett
|
0-0: Ball 1-0: Grounds into double play, 6-4-3 (Groundball, 6, EV 83.8 MPH)
|
|
Batting: RHB Jeff Standridge
|
0-0: Called Strike 0-1: Foul Ball, location: 2F 0-2: Ball 1-2: Strikes out swinging
|
| Top of the 14th over - 0 runs, 0 hits, 1 error, 0 left on base; Trois-Riveres 5 - Chester 5 |
| BOTTOM OF THE 14TH |
|
Chester Pirates batting - Pitching for Trois-Riveres Aigles : RHP Vince Martinez
|
|
Batting: RHB Matt Derrien
|
0-0: TRIPLE (Flyball, 89XD, EV 103.8 MPH)
|
|
Batting: RHB Rafael Galicia
|
0-0: Fly out, F9 (Flyball, 89M, EV 88.1 MPH)
|
|
Batting: RHB Mike Weeks
|
0-0: Ball 1-0: Foul Ball, location: 2F 1-1: Foul Ball, location: 2F 1-2: Ball 2-2: Ball 3-2: 2-RUN HOME RUN (Flyball, 7D, EV 99.4 MPH), Distance : 381 ft
|
| Bottom of the 14th over - 2 runs, 2 hits, 0 errors, 0 left on base; Trois-Riveres 5 - Chester 7 |
|